 Dungeon Crawl Stone Soup version 0.29.1-12-g30fa7ad0bf (webtiles) character file.

Game seed: 6412435052819605559

7 Gabide the Trooper (level 1, -2/18 HPs)
             Began as a Mummy Berserker on Dec 21, 2022.
             Was a Follower of Trog.
             Slain by a kobold
             ... wielding a +0 whip
              (3 damage)
             ... on level 1 of the Dungeon.
             The game lasted 00:00:19 (180 turns).

Gabide the Trooper (Mummy Berserker)                 Turns: 180, Time: 00:00:19

Health: -2/18      AC:  5    Str: 20    XL:     1   Next: 91%
Magic:  1/1        EV: 11    Int:  6    God:    Trog [*.....]
Gold:   0          SH:  0    Dex: 11    Spells: 0/0 levels left

rFire   x . .      SeeInvis .     - Unarmed
rCold   + . .      Faith    .   (no shield)
rNeg    + + +      Spirit   .   b - +0 ring mail
rPois   ∞          Reflect  .   (no helmet)
rElec   .          Harm     .   (no cloak)
rCorr   .          Rampage  .   (no gloves)
Will    .....                   (no boots)
Stlth   +.........              (no amulet)
HPRegen 0.06/turn               (no ring)
MPRegen 0.07/turn               (no ring)

@: no status effects
A: cold resistance 1, negative energy resistance 3, torment resistance 2, heat
vulnerability 1, no potions
a: Renounce Religion


You were on level 1 of the Dungeon.
You worshipped Trog.
Trog was aware of your devotion.
You visited 1 branch of the dungeon, and saw 1 of its levels.

Inventory:

Armour
 b - a +0 ring mail (worn)


   Skills:
 * Level 3.2 Fighting
 - Level 1.5 Armour
 + Level 1.7 Dodging
 * Level 2.6 Unarmed Combat


You couldn't memorise any spells.
You didn't know any spells.
Your spell library was empty.

Dungeon Overview and Level Annotations

Branches:
Dungeon (1/15)

Altars:


Innate Abilities, Weirdness & Mutations

You are immune to poison.
Your flesh is cold resistant. (rC+)
You are immune to negative energy. (rN+++)
You are immune to unholy pain and torment.
You are vulnerable to heat. (rF-)
You do not drink.


Message History

The kobold hits you but does no damage.
You closely miss the goblin. The goblin hits you but does no damage.
A gnoll comes into view. It is wielding a +0 whip.
The kobold hits you but does no damage.
You barely miss the goblin.
The gnoll shouts!
The kobold hits you with a +0 whip. The goblin hits you with a +0 dagger.
You closely miss the goblin. The kobold hits you but does no damage.
The goblin hits you with a +0 dagger.
You are too injured to fight recklessly!
You are too injured to fight recklessly!
You are too injured to fight recklessly!
You are too injured to fight recklessly!
You are too injured to fight recklessly!
You are too injured to fight recklessly!
You are too injured to fight recklessly!
You are too injured to fight recklessly!
You are too injured to fight recklessly!
You are too injured to fight recklessly!
You are too injured to fight recklessly!
You are too injured to fight recklessly!
You are too injured to fight recklessly!
You are too injured to fight recklessly!
You are too injured to fight recklessly!
You are too injured to fight recklessly!
You are too injured to fight recklessly!
You are too injured to fight recklessly!
You are too injured to fight recklessly!
You are too injured to fight recklessly!
You are too injured to fight recklessly!
You are too injured to fight recklessly!
You are too injured to fight recklessly!
The goblin attacks as you move away! The goblin hits you with a +0 dagger.
The kobold attacks as you move away! The kobold hits you with a +0 whip.
* * * LOW HITPOINT WARNING * * *
The kobold attacks as you move away! The kobold hits you with a +0 whip.
* * * LOW HITPOINT WARNING * * *
The kobold throws a stone.
The stone hits you but does no damage. The kobold hits you with a +0 whip.
You die...

## #####. #. #......
#. ##....... #.####
#........
##....####........
#.?##...ggK@.#......>.
#........##..........
#.....†#...###........
:..........###........
.........###..........
....###..##..........#
....#^#..#†..###.#####
...#####...)....... ..
#...##..###.#####


You could see a gnoll, a goblin and a kobold.

Vanquished Creatures
  A dart slug (D:1)
  A ball python (D:1)
  2 bats (D:1)
  A goblin (D:1)
5 creatures vanquished.

Notes
Turn   | Place    | Note
-------+----------+-------------------------------------------
     0 | D:1      | Gabide the Mummy Berserker began the quest for the Orb.
     0 | D:1      | Reached XP level 1. HP: 18/18 MP: 1/1
     0 | D:1      | Noticed an ice dragon
     0 | D:1      | Noticed an orb of fire
     4 | D:1      | Noticed a tentacled monstrosity
     6 | D:1      | Noticed an ice dragon
     8 | D:1      | Noticed a shadow dragon
    11 | D:1      | Noticed a tentacled monstrosity
    13 | D:1      | Noticed a shadow dragon
    15 | D:1      | Noticed a shadow dragon
    15 | D:1      | Noticed an orb of fire
    17 | D:1      | Noticed an iron dragon
    17 | D:1      | Noticed an iron dragon
    17 | D:1      | Noticed a large abomination
    19 | D:1      | Noticed a green draconian
    19 | D:1      | Noticed a tentacled monstrosity
   180 | D:1      | Slain by a kobold

Illustrated notes

Levels and vault maps discovered:
D:1:      shiori_arrival_whats_in_store_for_you, layout_rooms,
          shapermc_ecumenical_altar_mp_highgroup

Action                   || total
-------------------------++-------
Melee: Unarmed           ||    20
Armor: Ring mail         ||    10
Dodge: Dodged            ||    18
